Map: Beckett Industries LE

Players

Lambo - Winner!

  • Race: Zerg Zerg

ShaDoWn

  • Race: Protoss Protoss

Event: DreamHack SC2 Masters 2021 Fall

VOD

Have the link to the VOD?

Description

Time

  • Played on: Aug. 7, 2021, 2:14 p.m.
  • Length: 16:32

All games in this series

Show
View Real Time Build Order
Export as new Build Order

Lambo Zerg - Winner!

Build Orders: Hatch First, Roach Hydra 

Get SALT Encoding   

  12  0:00  Drone  
  13  0:13  Overlord  
  13  0:17  Drone  
  14  0:31  Drone x2  
  16  0:48  Hatchery  
  15  0:51  Drone  
  15  0:55  Drone  
  17  0:58  Drone  
  18  1:09  Extractor  
  17  1:13  Spawning Pool  
  17  1:17  Drone  
  17  1:20  Drone  
  18  1:28  Drone  
  19  1:39  Drone  
  20  1:56  Overlord  
  20  2:00  Queen x2  
  20  2:01  Zergling x4  
  26  2:13  Drone, Overlord  
  26  2:15  Metabolic Boost  
  27  2:28  Drone x2  
  29  2:33  Drone x2  
  31  2:48  Hatchery  
  30  2:53  Queen, Drone  
  33  3:02  Queen  
  33  3:03  Drone x2  
  37  3:10  Drone x3  
  40  3:19  Drone x4  
  44  3:26  Spore Crawler  
  43  3:29  Drone  
  43  3:33  Overlord  
  44  3:37  Extractor x2, Queen  
  45  3:43  Overlord  
  47  3:50  Roach Warren  
  47  3:54  Zergling x4  
  47  3:55  Zergling x2  
  48  3:56  Drone x2  
  48  4:01  Extractor  
  48  4:02  Drone x2  
  51  4:05  Zergling x4  
  51  4:06  Drone x2  
  55  4:13  Drone x4  
  55  4:14  Drone  
  60  4:21  Overlord  
  60  4:29  Overlord  
  60  4:37  Overlord  
  60  4:41  Overlord  
  60  4:42  Queen, Drone x3  
  60  4:45  Lair  
  65  4:49  Roach x2  
  65  4:50  Drone  
  65  4:51  Drone x3  
  65  4:52  Drone x2  
  75  4:56  Spore Crawler  
  74  5:03  Drone x3  
  74  5:05  Drone  
  77  5:08  Evolution Chamber  
  77  5:09  Extractor  
  77  5:10  Extractor  
  77  5:11  Drone  
  77  5:13  Drone  
  76  5:17  Drone x2  
  76  5:18  Drone x2  
  80  5:23  Drone x4  
  80  5:26  Extractor  
  83  5:30  Drone x3, Overlord  
  83  5:34  Extractor  
  83  5:35  Roach x3  
  91  5:39  Overlord  
  91  5:41  Zerg Missile Weapons Level 1  
  91  5:43  Overlord  
  91  5:44  Glial Reconstitution  
  91  5:46  Overlord  
  91  5:49  Overseer  
  91  5:50  Queen, Overlord  
  91  5:57  Drone x3  
  96  6:07  Roach x4  
  96  6:10  Hydralisk Den  
  96  6:11  Drone  
  104  6:14  Hatchery  
  103  6:21  Overlord  
  103  6:23  Roach x6  
  103  6:25  Overlord  
  114  6:30  Overlord  
  114  6:34  Drone x2  
  114  6:38  Overlord  
  116  6:40  Queen x2  
  116  6:42  Grooved Spines  
  120  6:49  Hydralisk x4  
  128  6:56  Hydralisk x3  
  128  6:59  Hydralisk x2  
  138  7:04  Hydralisk x2  
  138  7:07  Drone  
  143  7:09  Hydralisk  
  143  7:10  Hydralisk  
  143  7:13  Hydralisk x2  
  151  7:17  Overlord  
  151  7:18  Hydralisk  
  151  7:19  Overseer  
  153  7:22  Overlord  
  153  7:23  Overlord  
  153  7:26  Overlord  
  153  7:28  Ravager x5  
  158  7:31  Overlord  
  158  7:32  Hydralisk  
  160  7:40  Hydralisk x2  
  164  7:48  Overlord  
  164  7:49  Zergling x16  
  164  7:50  Ravager  
  173  7:53  Muscular Augments, Hydralisk  
  173  7:58  Hydralisk x2  
  174  8:01  Ravager  
  174  8:03  Zergling x8  
  174  8:04  Ravager  
  184  8:09  Hydralisk x2  
  187  8:14  Hydralisk  
  176  8:20  Hydralisk x2  
  176  8:21  Hydralisk  
  176  8:26  Hydralisk  
  168  8:28  Hydralisk  
  168  8:32  Hydralisk  
  160  8:35  Hydralisk  
  141  8:42  Hydralisk x2  
  141  8:54  Drone x14  
  153  8:56  Infestation Pit  
  153  8:59  Zerg Missile Weapons Level 2  
  140  9:03  Overseer  
  140  9:05  Hydralisk x3  
  142  9:11  Extractor  
  142  9:13  Hydralisk  
  142  9:14  Hydralisk  
  131  9:19  Drone x3  
  131  9:20  Queen  
  131  9:21  Queen  
  131  9:22  Extractor  
  132  9:28  Hydralisk x2  
  132  9:29  Zergling x6, Hydralisk  
  138  9:36  Hive  
  136  9:39  Hydralisk x3  
  136  9:42  Zergling x4, Evolution Chamber  
  144  9:45  Zergling x2  
  144  9:50  Zergling x4  
  146  9:56  Hatchery, Drone  
  146  9:58  Queen x2  
  150  10:19  Hydralisk x6  
  162  10:21  Zerg Ground Armor Level 1  
  153  10:37  Drone x7  
  153  10:42  Spire  
  159  10:46  Queen x3, Extractor, Hydralisk  
  159  10:47  Hydralisk x8  
  159  10:49  Viper x2  
  188  10:51  Extractor  
  187  10:58  Viper  
  187  11:00  Overseer  
  190  11:08  Viper  
  193  11:13  Zergling x6  
  193  11:14  Zergling x8  
  200  11:30  Hatchery  
  200  11:32  Zerg Missile Weapons Level 3  
  199  11:42  Overseer  
  195  11:57  Hydralisk x2  
  195  12:00  Zerg Flyer Armor Level 1  
  199  12:03  Ultralisk Cavern  
  198  12:11  Pneumatized Carapace  
  198  12:15  Zerg Melee Weapons Level 1  
  196  12:23  Hatchery  
  195  12:59  Extractor x2, Chitinous Plating  
  180  13:27  Hydralisk  
  196  13:36  Overseer  
  196  13:44  Overseer  
  196  13:46  Ultralisk x2  
  184  14:02  Corruptor  
  184  14:03  Corruptor x6  
  184  14:09  Zerg Ground Armor Level 2  
  198  14:17  Anabolic Synthesis  
  198  14:34  Hatchery  
  151  15:02  Corruptor x7  
  151  15:04  Ultralisk x2  
  151  15:05  Ultralisk  
  175  15:10  Corruptor x10, Ultralisk x2  
  197  15:26  Corruptor x6  
  199  15:35  Ultralisk  
  198  15:37  Zergling x4  
  168  15:59  Corruptor x6  
Show
View Real Time Build Order
Export as new Build Order

ShaDoWn Protoss 

Build Orders: 1 Gate Expand, Carriers 

Get SALT Encoding   

  12  0:00  Probe  
  13  0:12  Probe  
  14  0:20  Pylon  
  14  0:24  Probe  
  15  0:38  Gateway, Probe  
  16  0:50  Probe  
  17  1:08  Nexus  
  17  1:13  Assimilator  
  17  1:24  Cybernetics Core  
  17  1:28  Zealot (Chrono Boost)  
  19  1:33  Probe  
  20  1:45  Probe  
  21  1:47  Assimilator  
  21  1:48  Pylon  
  21  1:57  Probe  
  22  2:06  Adept (Chrono Boost)  
  24  2:09  Probe (Chrono Boost)  
  25  2:21  Probe (Chrono Boost)  
  26  2:26  Probe (Chrono Boost)  
  27  2:31  Robotics Facility  
  27  2:34  Probe (Chrono Boost)  
  27  2:40  Stalker, Warp Gate  
  27  2:42  Probe (Chrono Boost)  
  29  2:47  Probe (Chrono Boost)  
  30  2:52  Probe x2  
  32  3:04  Probe  
  32  3:05  Probe  
  34  3:16  Probe  
  34  3:17  Probe  
  34  3:19  Immortal (Chrono Boost)  
  40  3:29  Gateway, Probe x2  
  42  3:41  Probe x2  
  44  3:43  Pylon  
  44  3:48  Warp Prism (Chrono Boost)  
  46  3:56  Assimilator  
  46  3:58  Assimilator  
  46  4:01  Pylon, Probe x2  
  48  4:11  Stargate  
  48  4:13  Probe (Chrono Boost)  
  48  4:14  Stargate  
  48  4:15  Probe (Chrono Boost)  
  50  4:21  Pylon  
  51  4:25  Probe (Chrono Boost)  
  51  4:26  Observer  
  51  4:29  Probe (Chrono Boost)  
  51  4:31  Adept, Probe (Chrono Boost)  
  53  4:37  Probe  
  57  4:39  Probe  
  58  4:50  Void Ray  
  58  4:52  Pylon  
  62  5:04  Void Ray  
  62  5:07  Nexus  
  62  5:08  Robotics Facility  
  62  5:11  Probe  
  67  5:17  Probe  
  67  5:19  Shield Battery  
  68  5:23  Probe  
  69  5:29  Probe  
  69  5:34  Pylon  
  70  5:37  Pylon  
  70  5:46  Void Ray x2  
  70  5:50  Pylon  
  70  5:54  Forge  
  70  5:55  Probe x2  
  80  5:59  Robotics Bay  
  80  6:07  Probe x2  
  82  6:20  Probe (Chrono Boost)  
  82  6:22  Assimilator  
  82  6:23  Assimilator, Void Ray  
  82  6:24  Probe x2 (Chrono Boost)  
  85  6:26  Void Ray  
  85  6:30  Probe (Chrono Boost)  
  96  6:33  Probe x2 (Chrono Boost)  
  96  6:35  Probe (Chrono Boost)  
  96  6:39  Stargate  
  97  6:43  Probe x2  
  97  6:47  Probe  
  100  6:54  Fleet Beacon  
  100  6:55  Probe x2  
  100  6:59  Probe  
  103  7:02  Pylon  
  103  7:07  Probe  
  104  7:08  Photon Cannon  
  104  7:11  Photon Cannon  
  104  7:19  Nexus  
  104  7:20  Pylon  
  104  7:25  Disruptor (Chrono Boost)  
  107  7:34  Void Ray x2  
  107  7:35  Shield Battery, Photon Cannon  
  107  7:37  Photon Cannon  
  107  7:39  Photon Cannon  
  115  7:50  Void Ray  
  115  7:51  Pylon, Disruptor (Chrono Boost)  
  115  7:54  Pylon  
  115  7:56  Photon Cannon  
  122  8:03  Pylon  
  122  8:05  Shield Battery  
  122  8:11  Void Ray x2  
  120  8:15  Pylon, Sentry x2  
  130  8:29  Disruptor (Chrono Boost)  
  130  8:33  Probe  
  130  8:39  Probe  
  124  8:45  Probe x3  
  127  8:48  Void Ray x2  
  127  8:51  Probe  
  127  8:54  Disruptor (Chrono Boost)  
  113  8:57  Probe x2  
  111  9:03  Probe  
  111  9:04  Probe  
  110  9:10  Probe  
  110  9:12  Probe  
  101  9:21  Probe  
  101  9:26  Flux Vanes  
  101  9:31  Observer (Chrono Boost)  
  102  9:34  Photon Cannon  
  102  9:35  Carrier x2 (Chrono Boost)  
  114  9:41  Probe  
  114  9:44  Assimilator  
  115  9:52  Probe  
  116  9:55  Probe  
  116  9:58  Gateway  
  117  10:01  Probe x2  
  117  10:03  Photon Cannon  
  117  10:04  Probe  
  117  10:05  Assimilator, Photon Cannon  
  112  10:23  Photon Cannon  
  112  10:24  Probe x4  
  112  10:27  Carrier x2 (Chrono Boost)  
  128  10:36  Probe x2  
  130  10:45  Probe x2  
  130  10:48  Photon Cannon, Probe  
  133  10:50  Pylon, Photon Cannon  
  133  10:53  Pylon  
  133  10:57  Cybernetics Core  
  133  11:04  Probe  
  133  11:05  Photon Cannon, Probe  
  135  11:12  Carrier x2 (Chrono Boost)  
  147  11:23  Probe  
  148  11:28  Probe  
  149  11:37  Shield Battery  
  149  11:39  Stargate  
  149  11:40  Twilight Council, Gateway  
  149  11:44  Gateway  
  149  11:47  Shield Battery  
  149  11:51  Protoss Air Weapons Level 1  
  149  12:01  Carrier x2  
  149  12:07  Shield Battery  
  161  12:16  Nexus  
  161  12:18  Pylon  
  158  12:27  Probe  
  146  12:31  Disruptor (Chrono Boost), Templar Archives  
  146  12:36  Stargate  
  149  12:41  Shield Battery  
  149  12:45  Shield Battery  
  149  12:48  Pylon  
  149  12:50  Pylon  
  149  12:57  Pylon  
  149  13:00  Disruptor, Adept x2  
  149  13:02  Pylon  
  149  13:04  Pylon  
  149  13:05  Pylon, Carrier  
  162  13:08  Pylon  
  162  13:12  High Templar  
  164  13:16  Carrier  
  164  13:19  Psionic Storm  
  166  13:21  High Templar x2  
  153  13:46  Carrier  
  153  13:47  High Templar  
  161  13:52  Shield Battery  
  160  14:03  Pylon  
  160  14:05  Pylon  
  160  14:08  Pylon  
  160  14:18  Nexus, Pylon  
  160  14:26  Protoss Air Weapons Level 2 (Chrono Boost)  
  160  14:27  Carrier x2 (Chrono Boost)  
  172  14:37  Pylon  
  172  14:38  High Templar x3  
  178  14:45  Assimilator  
  167  14:51  Archon  
  165  14:58  Carrier (Chrono Boost)  
  159  15:11  High Templar x3  
  160  15:22  Void Ray (Chrono Boost)  
  156  15:46  Archon  
  154  15:50  Void Ray (Chrono Boost)  
  78  16:20  High Templar x2, Zealot  

Tags
 
Add a new tag
Caveats
  • Supply blocks, unpowered buildings, or Contaminate may cause inaccurate times.
  • Supply counts are checked every 10 seconds.